 Dungeon Crawl Stone Soup version 0.24-a0-584-g9d6b971ae4 (webtiles) character file.

Game seed: 10466787050624138078, levelgen mode: deterministic

26489 DEFE the Basher (level 12, -2/110 HPs)
             Began as a Red Draconian Fighter on Aug 30, 2019.
             Was a High Priest of the Shining One.
             Slain by a komodo dragon (11 damage)
             ... while petrified by you
             ... on level 3 of the Lair of Beasts.
             The game lasted 00:19:44 (14344 turns).

DEFE the Basher (Red Draconian Fighter)            Turns: 14344, Time: 00:19:45

Health: -2/110     AC: 13    Str: 23    XL:     12   Next: 98%
Magic:  15/15      EV:  2    Int:  9    God:    the Shining One [*****.]
Gold:   123        SH:  0    Dex: 14    Spells: 11/11 levels left

rFire    + . .     SeeInvis .   y - +5 morningstar
rCold    + . .     Gourm    .   b - +0 shield
rNeg     + + +     Faith    .   (armour unavailable)
rPois    ∞         Spirit   .   (helmet restricted)
rElec    .         Reflect  .   L - +0 cloak (curse)
rCorr    .         Harm     .   i - +0 pair of gloves
MR       .....                  M - +2 pair of boots {Fly}
Stlth    +.........             H - amulet of magic regeneration
HPRegen  0.28/turn              C - ring of protection from cold
MPRegen  0.39/turn              e - +3 ring of dexterity

@: short of breath, petrified, flying, glowing
A: breathe fire, unfitting armour, fire resistance 1, cold-blooded, AC +8
a: Breathe Fire, Divine Shield, Cleansing Flame, Summon Divine Warrior, Renounce
Religion, Stop Flying


You were on level 3 of the Lair of Beasts.
You worshipped the Shining One.
The Shining One was extremely pleased with you.
You were not hungry.

You visited 2 branches of the dungeon, and saw 15 of its levels.

You collected 659 gold pieces.
You spent 536 gold pieces at shops.

Inventory:

Hand Weapons
 a - a +0 flail
 f - a +2 flail of protection
 r - a +1 falchion of flaming
 y - a +5 morningstar (weapon)
Missiles
 s - 75 poisoned darts (quivered)
Armour
 b - a +0 shield (worn)
 i - a +0 pair of gloves (worn)
 L - a cursed +0 cloak (worn)
 M - a +2 pair of boots of flying (worn)
Jewellery
 e - a +3 ring of dexterity (right hand)
 C - a ring of protection from cold (left hand)
 H - an amulet of magic regeneration (around neck)
Wands
 p - a wand of flame (17)
 u - a wand of paralysis (2)
 v - a wand of digging (4)
 D - a wand of iceblast (9)
 J - a wand of scattershot (5)
Scrolls
 c - a scroll of identify
 k - 3 scrolls of enchant weapon
 l - 2 scrolls of amnesia
 n - 2 scrolls of fog
 q - 4 scrolls of blinking
 t - 8 scrolls of teleportation
 w - 6 scrolls of magic mapping
 z - 2 scrolls of fear
 A - 5 scrolls of remove curse
Potions
 g - 6 potions of agility
 h - 2 potions of ambrosia
 j - a potion of haste
 m - 5 potions of curing
 o - 2 potions of cancellation
 x - a potion of resistance
 B - a potion of flight {unknown}
 E - 2 potions of berserk rage
 F - 3 potions of brilliance {unknown}
 G - 2 potions of heal wounds
 I - 2 potions of might
 K - a potion of invisibility {unknown}
 O - a potion of lignification {unknown}
Comestibles
 d - 26 rations


   Skills:
 + Level 11.1 Fighting
 + Level 14.4 Maces & Flails
 + Level 9.4 Dodging
 + Level 8.5 Shields
 + Level 4.8 Invocations


You had 11 spell levels left.
You didn't know any spells.
Your spell library contained the following spells:

 Spells                   Type           Power        Failure   Level  Hunger
 Animate Skeleton         Necr           N/A          67%         1    ##.....
 Apportation              Tloc           #.....       67%         1    ##.....
 Confusing Touch          Hex            #.....       67%         1    ##.....
 Magic Dart               Conj           #...         67%         1    ##.....
 Summon Small Mammal      Summ           #...         67%         1    ##.....
 Blink                    Tloc           N/A          80%         2    ###....
 Call Imp                 Summ           #.......     80%         2    ###....
 Shroud of Golubria       Chrm/Tloc      #.....       80%         2    ###....
 Slow                     Hex            #.......     80%         2    ###....
 Confuse                  Hex            #.......     95%         3    ####...
 Conjure Flame            Conj/Fire      #.......     95%         3    ####...
 Gell's Gravitas          Tloc           #.........   95%         3    ####...
 Lesser Beckoning         Tloc           #.........   95%         3    ####...
 Mephitic Cloud           Conj/Pois/Air  #.......     95%         3    ####...
 Teleport Other           Tloc           #.......     95%         3    ####...
 Passage of Golubria      Tloc           N/A          100%        4    #####..
 Petrify                  Tmut/Erth      #.......     100%        4    #####..
 Metabolic Englaciation   Hex/Ice        #.........   100%        5    ######.
 Yara's Violent Unravell  Hex/Tmut       #.........   100%        5    ######.


Dungeon Overview and Level Annotations

Branches:
Dungeon (12/15)            Temple (0/1) D:7            Lair (3/6) D:10
 Shoals (0/4) Lair:2       Spider (0/4) Lair:2          Orc (0/2) D:9

Altars:
Ashenzari
Cheibriados
Dithmenos
Fedhas
Makhleb
Nemelex Xobeh
Okawaru
Qazlal
Ru
Sif Muna
Uskayaw
Vehumet
Xom
Zin
The Shining One

Shops:
D:5 [   D:6 ?!?%}   D:7 [   D:8 :(!!   D:10 (:*

Annotations:
D:3 Ijyb, Sigmund
D:4 1 runed translucent door, Crazy Yiuf
D:10 exclusion: oklob plant


Innate Abilities, Weirdness & Mutations

You can breathe blasts of fire.
Your fiery red scales are hard. (AC +8)
You cannot fit into any form of body armour.
Your flesh is heat resistant. (rF+)
You are cold-blooded and may be slowed by cold attacks.


Message History

The komodo dragon bites you!!
The crocodile is no longer petrified.
The crocodile bites you! The komodo dragon bites you!! The crocodile bites you!
* * * LOW HITPOINT WARNING * * *
The komodo dragon bites you.
* * * LOW HITPOINT WARNING * * *
The crocodile bites you but does no damage.
The komodo dragon bites you!!
* * * LOW HITPOINT WARNING * * *
The crocodile bites you.
* * * LOW HITPOINT WARNING * * *
The komodo dragon bites you but does no damage.
The crocodile bites you but does no damage.
The komodo dragon bites you!
* * * LOW HITPOINT WARNING * * *
The crocodile bites you!
* * * LOW HITPOINT WARNING * * *
The komodo dragon bites you!!
You die...

.# ... ###### .. ....
##.#.## #.. .... ......#
#####.# ##.....
.....####.#...# .#....#
..(.........#.###.......
........................
...............lt.......
.......#P#......@...P.P#
.......###.........P....
......####...#####.P..#.
#.....###P...# ....#
##.P...###...# ....#
#P....# #...## ...#
##...## #....# .....
#...## #...## ...≈
##..#####...##


You could see a komodo dragon and a crocodile.

Vanquished Creatures
  A hydra (D:8)
  A two-headed ogre (D:9)
  A catoblepas (Lair:3)
  A queen ant (D:8)
  2 unseen horrors
  A deep elf mage (D:11)
  2 wolf spiders (Lair:2)
  A cyclops (D:11)
  A merfolk siren (Lair:2)
  3 black mambas (Lair:2)
  4 spiny frogs (Lair:1)
  2 komodo dragons
  4 trolls
  7 blink frogs
  A jumping spider (Lair:2)
  Prince Ribbit (D:9)
  A hornet (D:8)
  A meliai zombie (D:12)
  4 hippogriffs
  2 dream sheep (D:8)
  A vampire (D:12)
  2 wraiths (D:12)
  Eustachio (D:5)
  2 wyverns
  A redback (Lair:2)
  A steam dragon (D:9)
  21 yaks
  Grum (D:10)
  2 hungry ghosts
  6 soldier ants (D:8)
  3 water moccasins
  4 porcupines
  2 ice beasts
  4 orc warriors
  5 sky beasts
  3 black bears
  2 phantoms
  2 eyes of draining
  3 ogres
  6 wolves
  8 centaurs
  9 crocodiles
  4 big kobolds (D:8)
  A wyvern zombie (D:9)
  9 bullfrogs
  A wyvern skeleton (D:12)
  2 scorpions
  7 killer bees
  7 wights
  3 howler monkeys
  2 crimson imps
  3 centaur zombies
  4 bullfrog skeletons
  5 hounds
  2 bullfrog zombies
  A quasit (D:11)
  8 orc priests
  7 jellies
  9 orc wizards
  5 centaur skeletons
  An iguana (D:8)
  27 worker ants
  A killer bee zombie (D:8)
  A hound zombie (D:8)
  2 hound skeletons
  A howler monkey zombie (D:11)
  2 worker ant zombies
  Robin (D:2)
  16 adders
  3 shadow imps
  An adder zombie (D:9)
  An adder skeleton (D:7)
  5 worms
  6 dart slugs
  6 leopard geckos
  52 orcs
  A ball python (D:1)
  10 bats
  4 giant cockroaches
  8 hobgoblins
  17 jackals
  9 quokkas
  9 frilled lizards
  A giant cockroach zombie (D:6)
  13 goblins
  A jackal skeleton (D:8)
  6 kobolds
  A quokka skeleton (D:5)
  9 rats
  A plant (D:10)
426 creatures vanquished.

Vanquished Creatures (others)
  A killer bee (D:10)
1 creature vanquished.

Grand Total: 427 creatures vanquished

Notes
Turn   | Place    | Note
-------+----------+-------------------------------------------
     0 | D:1      | DEFE the Draconian Fighter began the quest for the Orb.
     0 | D:1      | Reached XP level 1. HP: 19/19 MP: 1/1
   240 | D:1      | Reached XP level 2. HP: 26/26 MP: 2/2
   303 | D:1      | Reached skill level 3 in Maces & Flails
   752 | D:2      | Identified the cursed +0 helmet of Hangman {rN+}
   752 | D:2      | Noticed Robin
   764 | D:1      | Reached XP level 3. HP: 20/31 MP: 3/3
  1147 | D:2      | Killed Robin
  1147 | D:2      | Reached skill level 4 in Maces & Flails
  1272 | D:2      | Reached XP level 4. HP: 22/38 MP: 4/4
  1497 | D:2      | Found a radiant altar of Vehumet.
  1497 | D:2      | Found a burning altar of Makhleb.
  1546 | D:2      | Reached skill level 5 in Maces & Flails
  1798 | D:2      | Found a stormy altar of Qazlal.
  2119 | D:2      | Found a shimmering blue altar of Sif Muna.
  2206 | D:3      | Reached XP level 5. HP: 32/45 MP: 5/5
  2352 | D:3      | Noticed Ijyb
  2352 | D:3      | Noticed Sigmund
  2937 | D:3      | Found a glowing golden altar of the Shining One.
  2940 | D:3      | Became a worshipper of the Shining One
  2998 | D:4      | Reached skill level 6 in Maces & Flails
  3022 | D:4      | Found a runed translucent door.
  3023 | D:4      | Noticed Crazy Yiuf
  3081 | D:4      | Reached XP level 6. HP: 27/51 MP: 6/6
  3718 | D:4      | Reached skill level 7 in Maces & Flails
  3722 | D:4      | Reached * piety under the Shining One
  3889 | D:4      | Found a shimmering altar of Xom.
  3939 | D:4      | Found a snail-covered altar of Cheibriados.
  4152 | D:5      | Entered Level 5 of the Dungeon
  4159 | D:5      | Noticed Eustachio
  4181 | D:5      | Killed Eustachio
  4181 | D:5      | Reached skill level 8 in Maces & Flails
  4181 | D:5      | Your scales start taking on a fiery red colour.
  4181 | D:5      | Reached XP level 7. HP: 53/57 MP: 7/7
  4181 | D:5      | Gained mutation: Your flesh is heat resistant. (rF+) [Red
                  | Draconian growth]
  4594 | D:5      | Found an iron altar of Okawaru.
  4660 | D:5      | Reached ** piety under the Shining One
  4660 | D:5      | Reached skill level 9 in Maces & Flails
  4776 | D:5      | Found Zes Wiobinia's Armour Emporium.
  4877 | D:5      | Reached XP level 8. HP: 60/63 MP: 8/8
  4989 | D:6      | Found Gynnosm's Magic Scroll Emporium.
  4997 | D:6      | Bought a scroll of blinking for 112 gold pieces
  5038 | D:6      | Found a shattered altar of Ashenzari.
  5077 | D:6      | Found Jigirph's Magic Scroll Boutique.
  5084 | D:6      | Bought 2 scrolls of remove curse for 84 gold pieces
  5084 | D:6      | Bought a scroll of identify for 28 gold pieces
  5117 | D:6      | Found Viseoby's Distillery.
  5210 | D:6      | Found Igoy's Food Emporium.
  5210 | D:6      | Found Iggimile's Gadget Boutique.
  5281 | D:6      | Reached skill level 10 in Maces & Flails
  5553 | D:7      | Found a staircase to the Ecumenical Temple.
  5739 | D:7      | Reached skill level 11 in Maces & Flails
  5798 | D:7      | Found a sparkling altar of Nemelex Xobeh.
  5824 | D:7      | Found a blossoming altar of Fedhas.
  6096 | D:7      | Found Ipiruhu's Antique Armour Shoppe.
  6104 | D:7      | Reached XP level 9. HP: 63/70 MP: 9/9
  6163 | D:7      | Found a glowing silver altar of Zin.
  6416 | D:8      | Reached *** piety under the Shining One
  6419 | D:8      | Reached skill level 12 in Maces & Flails
  6469 | D:8      | Reached skill level 13 in Maces & Flails
  6769 | D:8      | Noticed a two-headed hydra
  6773 | D:8      | Killed a one-headed hydra
  6867 | D:8      | Reached XP level 10. HP: 54/77 MP: 10/10
  6934 | D:8      | Reached skill level 14 in Maces & Flails
  6943 | D:8      | Noticed a queen ant
  6963 | D:8      | Killed a queen ant
  6978 | D:8      | Reached skill level 5 in Fighting
  7714 | D:8      | Found Ridau's Distillery.
  7715 | D:8      | Found Biecomea's Distillery.
  7715 | D:8      | Found Raicvit's Book Emporium.
  7716 | D:8      | Found Isacozusch's Antique Weapon Emporium.
  7737 | D:8      | Bought a potion of berserk rage for 50 gold pieces
  7841 | D:8      | Found a shadowy altar of Dithmenos.
  7879 | D:8      | Reached skill level 5 in Dodging
  8184 | D:9      | Found a staircase to the Orcish Mines.
  8184 | D:9      | Noticed a two-headed ogre
  8196 | D:9      | Killed a two-headed ogre
  8335 | D:9      | Found a hide-covered altar of Uskayaw.
  8346 | D:9      | Reached XP level 11. HP: 65/92 MP: 11/11
  8664 | D:9      | Noticed Prince Ribbit
  8677 | D:9      | Killed Prince Ribbit
  8824 | D:9      | Found a sacrificial altar of Ru.
  8836 | D:9      | Reached **** piety under the Shining One
  9093 | D:10     | Entered Level 10 of the Dungeon
  9384 | D:10     | Noticed Grum
  9414 | D:10     | Killed Grum
  9414 | D:10     | Reached skill level 5 in Shields
  9650 | D:10     | Found a staircase to the Lair.
  9653 | D:10     | Noticed an oklob plant
  9663 | D:10     | Found Mysiwoil's Weapon Shop.
  9725 | D:10     | Found Naffujurch's Book Boutique.
  9739 | D:10     | Found Ukuab's General Store.
 10205 | D:11     | Noticed an unseen horror
 10214 | D:11     | Killed an unseen horror
 10682 | D:11     | Noticed a deep elf mage
 10693 | D:11     | Killed a deep elf mage
 11511 | D:12     | Reached XP level 12. HP: 96/106 MP: 12/12
 11581 | D:12     | Reached skill level 10 in Fighting
 11769 | D:12     | Reached ***** piety under the Shining One
 11788 | D:12     | Reached skill level 1 in Invocations
 11953 | D:7      | Bought a pair of embroidered boots for 262 gold pieces
 12073 | Lair:1   | Entered Level 1 of the Lair of Beasts
 13773 | Lair:2   | Found a hole to the Spider Nest.
 14177 | Lair:2   | Found a staircase to the Shoals.
 14324 | Lair:3   | Noticed a catoblepas
 14334 | Lair:3   | Killed a catoblepas
 14344 | Lair:3   | Slain by a komodo dragon

Levels and vault maps discovered:
D:1:      sevenhm_arrival_forest_fort_large_2, layout_basic, minivault_23
D:2:      layout_rooms, chequers_temple_overflow_statue_of_worship,
          lemuel_blue_sif_altar, old_standard_altar, uniq_robin
D:3:      layout_loops_cross, tso_oasis_becter, hangedman_decor_growths,
          uniq_sigmund, uniq_ijyb, uniq_terence
D:4:      layout_rooms, xom_teletrap_fun, first_ration, kennysheep_slug_shrine,
          uniq_crazy_yiuf_cottage
D:5:      layout_loops_ring, okawaru_ov_weapons_minmay, serial_shops,
          kennysheep_mini, uniq_eustachio
D:6:      layout_gridville, evilmike_ruin_ashenzari, serial_shops, shop, shop,
          shop, nicolae_shop_trees, shop
D:7:      layout_basic, nemelex_altar_shiori, fedhas_ov_isle_minmay,
          zin_scriptorium, minmay_temple_entry_trees, serial_shops, shop,
          patterned_corridor
D:8:      layout_loops_ring, nicolae_dithmenos_shadow_blocks, hangedman_ranch
          [blue_anna_fruit_fields], st_stairs_13, minmay_shop_grid_forest,
          minmay_another_anthill
D:9:      layout_roguey, overflow_temple_1_default, orc_0_dummy, basic_altar,
          uniq_prince_ribbit1
D:10:     layout_small_grid, dpeg_oklobed_lair, serial_shops,
          kennysheep_mini_moat, shop, shop_fountains, uniq_grum
D:11:     layout_basic, kennysheep_generic_room_6
D:12:     layout_basic
Lair:1:   layout_hall_layers, beast_lair_carwin_6
Lair:2:   layout_hall_layers, minmay_shoals_entry_lonely_mermaid,
          spider_nest_entry_funnel_web, st_stairs_10
Lair:3:   layout_gridlike, infiniplex_staircase_pool_2, grunt_megastairs_3,
          uniq_gastronok

Skill      XL: |  1  2  3  4  5  6  7  8  9 10 11 12 |
---------------+-------------------------------------+-----
Maces & Flails | 3 4 5 6 8 9 11 13 14 | 14.4
Fighting       | 7 9 11 | 11.1
Dodging        | 6 8 9 |  9.4
Shields        | 6 8 |  8.5
Invocations    | 4 |  4.8

Action                   |  1- 3 |  4- 6 |  7- 9 | 10-12 || total
-------------------------+-------+-------+-------+-------++-------
Melee: Flail             |   126 |   238 |   297 |   604 ||  1265
       Tailslap          |    12 |    28 |    39 |   151 ||   230
       Falchion          |       |       |     2 |       ||     2
       Morningstar       |       |       |       |   291 ||   291
Invok: Divine Shield     |       |       |     1 |     6 ||     7
 Abil: Breathe Fire      |       |       |       |     2 ||     2
Evoke: Wand              |       |       |       |     8 ||     8
  Use: Scroll            |       |     6 |     5 |     5 ||    16
       Potion            |       |     1 |       |     2 ||     3
 Stab: Sleeping          |       |     2 |       |       ||     2
  Eat: Chunk             |     1 |     6 |     8 |    23 ||    38
       Ration            |       |     1 |     1 |     1 ||     3
Armor: Skin              |    37 |    82 |    79 |   200 ||   398
Dodge: Dodged            |    57 |   105 |    93 |   396 ||   651
Block: Shield            |    70 |   133 |   100 |   456 ||   759

Table legend:
 A = Non-vault XP
 B = Vault XP
 C = Vault XP percentage of total XP
 D = Non-vault monster count
 E = Vault monster count
 F = Vault count percentage of total count
                 A         B        C        D         E       F
            +---------+---------+-------+---------+---------+-------
      Total |   28890 |    8952 |  23.7 |     362 |      63 |  14.8
            +---------+---------+-------+---------+---------+-------
        D:1 |      40 |      22 |  35.5 |      25 |      11 |  30.6
        D:2 |     118 |      15 |  11.3 |      32 |       1 |   3.0
        D:3 |      52 |       0 |   0.0 |       5 |       0 |   0.0
        D:4 |     403 |       4 |   1.0 |      36 |       1 |   2.7
        D:5 |     567 |     211 |  27.1 |      30 |       1 |   3.2
        D:6 |     585 |       0 |   0.0 |      24 |       0 |   0.0
        D:7 |     784 |       0 |   0.0 |      15 |       0 |   0.0
        D:8 |    1114 |    4557 |  80.4 |      23 |      32 |  58.2
        D:9 |    4360 |     268 |   5.8 |      37 |       1 |   2.6
       D:10 |    1983 |     652 |  24.7 |      19 |       5 |  20.8
       D:11 |    4846 |      11 |   0.2 |      38 |       1 |   2.6
       D:12 |    3618 |       0 |   0.0 |      35 |       0 |   0.0
     Lair:1 |    3413 |    1164 |  25.4 |      18 |       5 |  21.7
     Lair:2 |    5281 |    2048 |  27.9 |      21 |       5 |  19.2
     Lair:3 |    1726 |       0 |   0.0 |       4 |       0 |   0.0
            +---------+---------+-------+---------+---------+-------
